 Dungeon Crawl Stone Soup version 0.22-a0-425-g89d60a1 (webtiles) character file.

130348 nikopol the Severer (level 16, -6/144 (149) HPs)
             Began as a Minotaur Berserker on May 24, 2018.
             Was the Champion of Trog.
             Mangled by a seven-headed hydra simulacrum (35 damage)
             ... on level 4 of the Swamp.
             The game lasted 01:21:59 (30807 turns).

nikopol the Severer (Minotaur Berserker)           Turns: 30807, Time: 01:21:59

HP:   -6/144 (149)  AC: 24    Str: 28    XL:     16   Next: 52%
MP:   15/15         EV: 13    Int:  9    God:    Trog [******]
Gold: 903           SH:  4    Dex: 17    Spells: 15/15 levels left

rFire    . . .     SeeInvis +   a - +7 battleaxe of the Hills {flame, rN+}
rCold    . . .     Gourm    .   (shield currently unavailable)
rNeg     + . .     Faith    .   K - +3 chain mail of Mumblety Peg {rElec Int+5 SInv}
rPois    +         Spirit   .   S - +2 hat
rElec    +         Reflect  +   i - +0 cloak
rCorr    .         Harm     .   Z - +2 pair of gloves {Str+3}
MR       +....                  b - +0 pair of boots
Stlth    ..........             D - +4 amulet of reflection
HPRegen  0.34/turn              x - ring of poison resistance
MPRegen  0.14/turn              F - +3 ring of dexterity

@: no status effects
A: retaliatory headbutt, horns 2
a: Berserk, Trog's Hand, Brothers in Arms, Renounce Religion


You were on level 4 of the Swamp.
You worshipped Trog.
Trog was exalted by your worship.
You were not hungry.

You visited 4 branches of the dungeon, and saw 27 of its levels.
You visited 1 bazaar.

You collected 2763 gold pieces.
You spent 1860 gold pieces at shops.

Inventory:

Hand Weapons
 a - the +7 battleaxe of the Hills (weapon) {flame, rN+}
   (Trog gifted it to you on level 10 of the Dungeon)

   It has been specially enchanted to burn those struck by it, causing extra
   injury to most foes and up to half again as much damage against particularly
   susceptible opponents.
   Big, fiery blades are also staple armaments of hydra-hunters.
   It protects you from negative energy.
 z - a +7 longbow of velocity
 B - a +4 antimagic battleaxe
 X - a +7 battleaxe of draining
Missiles
 d - 428 arrows (quivered)
Armour
 b - a +0 pair of boots (worn)
 i - a +0 cloak (worn)
 K - the +3 chain mail of Mumblety Peg (worn) {rElec Int+5 SInv}
   (You bought it in a shop on level 4 of the Dungeon)

   It affects your intelligence (+5).
   It insulates you from electricity.
   It lets you see invisible.
 S - a +2 hat (worn)
 Z - a +2 pair of gloves of strength (worn)
Jewellery
 q - an uncursed ring of protection from fire
 x - a ring of poison resistance (left hand)
 A - an uncursed ring of flight
 D - a +4 amulet of reflection (around neck)
 F - a +3 ring of dexterity (right hand)
 H - an uncursed ring of protection from magic
 O - a cursed ring of loudness {unknown}
Wands
 g - a wand of acid (11)
 k - a wand of enslavement (24)
 m - a wand of paralysis (15)
 n - a wand of scattershot (14)
 s - a wand of polymorph (19)
 E - a wand of iceblast (24)
 I - a wand of random effects (32)
 P - a wand of disintegration (41)
 U - a wand of flame (66)
Scrolls
 f - 8 scrolls of teleportation
 j - 2 scrolls of silence
 l - 4 scrolls of enchant armour
 o - 7 scrolls of blinking
 p - 6 scrolls of fog
 y - 11 scrolls of remove curse
 G - 3 scrolls of magic mapping
 Q - 6 scrolls of identify
Potions
 e - 9 potions of heal wounds
 h - 5 potions of might
 r - 4 potions of lignification
 t - 7 potions of haste
 u - 4 potions of brilliance
 v - a potion of berserk rage
 w - 5 potions of flight
 C - 8 potions of curing
 J - 2 potions of ambrosia
 L - 3 potions of mutation
 M - 4 potions of magic
 N - 2 potions of agility
 T - a potion of invisibility
Comestibles
 c - 69 rations


   Skills:
 + Level 15.5 Fighting
 * Level 18.8 Axes
 * Level 18.0 Bows
 + Level 13.4 Armour
 + Level 6.5 Dodging
 + Level 3.0 Stealth
 + Level 0.1 Evocations


You had 15 spell levels left.
You didn't know any spells.
Your spell library was empty.

Dungeon Overview and Level Annotations

Branches:
Dungeon (15/15)            Temple (0/1) D:6            Lair (6/6) D:10
  Swamp (4/4) Lair:2        Snake (0/4) Lair:3        Slime (0/5) Lair:5
    Orc (2/2) D:11            Elf (0/3) Orc:2        Vaults (0/5) D:13
 Depths (0/5) D:15

Altars:
Kikubaaqudgha
Sif Muna
Beogh
Jiyva

Shops:
D:4 [   D:12 *   D:15 [   Orc:2 ?}!(

Portals:
Pandemonium: Orc:2

Annotations:
Lair:4 exclusion: oklob plant


Innate Abilities, Weirdness & Mutations

You reflexively headbutt those who attack you in melee.
You have a pair of horns on your head.


Message History

You hear a splash.
You closely miss the spriggan rider.
You hack one of the eight-headed hydra simulacrum's heads off!
You slice the seven-headed hydra simulacrum!!
You melt the seven-headed hydra simulacrum!
The spriggan rider hits you but does no damage.
The seven-headed hydra simulacrum bites you but does no damage.
The seven-headed hydra simulacrum bites you!
The seven-headed hydra simulacrum freezes you!!
The seven-headed hydra simulacrum bites you!
The seven-headed hydra simulacrum freezes you!
The seven-headed hydra simulacrum bites you but does no damage.
The seven-headed hydra simulacrum bites you!
The seven-headed hydra simulacrum freezes you!!
* * * LOW HITPOINT WARNING * * *
The seven-headed hydra simulacrum misses you.
The seven-headed hydra simulacrum bites you.
* * * LOW HITPOINT WARNING * * *
The seven-headed hydra simulacrum freezes you!!
You die...

♣♣♣♣♣♣ ♣♣♣ ♣♣♣♣♣♣≈...♣
♣♣♣♣≈♣♣♣♣♣ ♣≈.≈≈≈≈≈≈≈♣♣
♣♣≈≈)≈≈.$≈♣♣
..≈≈≈.≈≈≈≈.♣♣♣.≈@iZ()(≈.≈♣
≈.§≈≈≈≈≈...≈♣.≈≈≈Z≈≈.≈≈≈..
≈[≈≈≈.≈♣♣.≈≈..≈≈≈≈≈≈.(≈≈≈≈
.≈≈≈.♣.♣♣.≈≈≈.≈....≈≈≈≈≈≈♣
♣..≈.≈≈.≈≈≈≈≈≈≈≈<.≈≈≈≈≈≈..
♣♣..≈≈≈..♣.≈≈≈≈.≈.≈≈≈≈≈≈≈(
♣..♣≈.≈≈.≈♣♣♣≈.≈♣♣..≈≈?.≈
≈♣♣♣§.≈≈≈≈♣ ♣♣♣♣♣ ♣≈.≈≈≈≈
♣♣♣.≈≈...§♣ ..


You could see a spriggan rider, a seven-headed hydra simulacrum and a swamp
drake simulacrum.

Vanquished Creatures
  A thorn hunter (Swamp:3)
  Roxanne (Swamp:1)
  Aizul (Swamp:3)
  Nessos (D:12)
  The ghost of Soeti the Martial Artist, a journeyman OpTm of Cheibriados (Orc:1)
  5 dire elephants (Lair:6)
  Snorg (D:10)
  An ettin (D:15)
  A vault guard (D:13)
  Fannar (Orc:1)
  A catoblepas (Lair:6)
  17 hydras
  A centaur warrior (D:14)
  16 alligators
  An anaconda (Lair:6)
  A death knight (D:12)
  5 two-headed ogres
  2 tengu warriors
  5 orc high priests (Orc:2)
  An ogre mage (D:15)
  Nergalle (D:10)
  6 spriggans
  A sun demon (Orc:2)
  Sonja (Lair:3)
  2 sixfirhies (Orc:2)
  A deep elf knight (D:15)
  3 unseen horrors
  2 infernal demonspawn (Orc:2)
  A spriggan druid (Swamp:3)
  A torturous demonspawn (Orc:2)
  A wizard (D:15)
  3 swamp dragons
  2 shambling mangroves
  7 orc knights
  2 deep elf magi
  2 oklob plants (Lair:4)
  9 orc sorcerers
  11 ugly things
  A manticore (Lair:3)
  7 cyclopes
  A black mamba (Lair:3)
  Maurice (D:8)
  9 elephants
  A rust devil (Orc:2)
  3 centaur zombies
  A gargoyle (D:14)
  2 centaur skeletons
  7 spiny frogs
  3 rime drakes
  4 komodo dragons
  4 freezing wraiths
  2 hellwings
  2 queen bees
  The ghost of nikopol the Chopper, an amateur MiBe of Trog (D:4)
  4 trolls
  A harpy zombie (D:9)
  12 hornets
  5 tyrant leeches
  A polar bear (Lair:6)
  6 bog bodies
  A meliai zombie (D:15)
  21 blink frogs
  6 dream sheep (Lair:4)
  10 hippogriffs
  3 shadows
  Sigmund (D:5)
  Eustachio (D:5)
  26 yaks
  A vampire (D:13)
  A wraith (D:14)
  5 wyverns
  6 basilisks
  A human (D:7)
  2 hungry ghosts
  3 hogs (D:7)
  17 vampire mosquitoes
  6 nagas (Lair:3)
  15 insubstantial wisps
  2 wargs
  15 swamp worms
  3 acid dragons
  16 water moccasins
  8 porcupines
  4 sky beasts
  9 swamp drakes
  39 orc warriors
  A hornet zombie (D:15)
  3 black bears
  7 ice beasts
  11 ogres
  An eye of draining (D:15)
  A phantom (D:7)
  A necrophage (D:4)
  2 wolves (Lair:3)
  7 centaurs
  2 big kobolds
  11 crocodiles
  20 bullfrogs
  A gnoll sergeant (D:8)
  2 wyvern zombies
  A water moccasin zombie (D:10)
  A wyvern skeleton (D:14)
  6 scorpions
  3 wights (D:12)
  56 killer bees
  3 howler monkeys
  A vampire bat (Lair:1)
  6 electric eels
  5 crimson imps
  4 bullfrog zombies
  6 hounds
  3 quasits
  3 bullfrog skeletons
  3 jellies
  33 orc priests
  21 orc wizards
  2 hell rats (Lair:3)
  4 iguanas
  9 worker ants
  A hound zombie (D:9)
  3 hound skeletons
  A howler monkey zombie (D:8)
  9 gnolls
  A howler monkey skeleton (D:6)
  7 adders
  3 shadow imps
  A swamp drake simulacrum (Swamp:4)
  An adder skeleton (D:6)
  3 worms
  A dart slug (D:1)
  7 leopard geckos
  117 orcs
  6 giant cockroaches
  5 goblins
  7 hobgoblins
  11 jackals
  3 quokkas
  A ball python (D:4)
  14 bats
  2 frilled lizards
  A jackal skeleton (D:5)
  18 kobolds
  A leopard gecko skeleton (D:4)
  A quokka skeleton (D:4)
  6 rats
  4 fungi
  8 plants
903 creatures vanquished.

Vanquished Creatures (others)
  A centaur (D:14)
  4 fungi
  2 plants
7 creatures vanquished.

Grand Total: 910 creatures vanquished

Notes
Turn   | Place    | Note
-------+----------+-------------------------------------------
     0 | D:1      | nikopol the Minotaur Berserker began the quest for the Orb.
     0 | D:1      | Reached XP level 1. HP: 19/19 MP: 0/0
   109 | D:1      | Reached XP level 2. HP: 19/27 MP: 1/1
   897 | D:2      | Reached XP level 3. HP: 22/33 MP: 2/2
  1243 | D:2      | Reached ** piety under Trog
  1648 | D:3      | Reached XP level 4. HP: 40/41 MP: 3/3
  1981 | D:4      | Reached skill level 5 in Axes
  1981 | D:4      | Reached XP level 5. HP: 28/47 MP: 4/4
  1983 | D:4      | Reached skill level 5 in Fighting
  2371 | D:4      | Noticed a necrophage
  2379 | D:4      | Killed a necrophage
  2379 | D:4      | Reached XP level 6. HP: 55/56 MP: 5/5
  2502 | D:4      | Noticed nikopol's ghost (amateur MiBe)
  2519 | D:4      | Killed nikopol's ghost
  2519 | D:4      | Reached skill level 1 in Stealth
  2519 | D:4      | Reached XP level 7. HP: 62/62 MP: 6/6
  2570 | D:4      | Reached *** piety under Trog
  2648 | D:4      | Found Qexzyq's Antique Armour Shop.
  3231 | D:5      | Entered Level 5 of the Dungeon
  3651 | D:5      | Reached skill level 5 in Armour
  3702 | D:5      | Noticed Sigmund
  3706 | D:5      | Reached XP level 8. HP: 57/71 MP: 7/7
  3711 | D:5      | Killed Sigmund
  4022 | D:5      | Noticed Eustachio
  4036 | D:5      | Reached **** piety under Trog
  4124 | D:5      | Killed Eustachio
  4464 | D:6      | Reached skill level 10 in Axes
  4671 | D:6      | Reached XP level 9. HP: 71/79 MP: 8/8
  4802 | D:6      | Found a staircase to the Ecumenical Temple.
  5589 | D:7      | Reached skill level 1 in Bows
  6013 | D:7      | Reached ***** piety under Trog
  6108 | D:7      | Reached skill level 5 in Dodging
  6116 | D:7      | Reached skill level 5 in Bows
  6633 | D:8      | Reached XP level 10. HP: 83/90 MP: 9/9
  6652 | D:8      | Noticed a two-headed ogre
  6667 | D:8      | Killed a two-headed ogre
  6848 | D:4      | Bought a faintly glowing chain mail for 247 gold pieces
  6858 | D:4      | Identified the +3 chain mail of Mumblety Peg {rElec Int+5 SInv} (You bought it in a shop on level 4 of the Dungeon)
  6951 | D:8      | Noticed Maurice
  6960 | D:8      | Killed Maurice
  6996 | D:8      | Received a gift from Trog
  7157 | D:8      | Found a deep blue altar of Sif Muna.
  7377 | D:8      | You fall through a shaft for 2 floors!
  7377 | D:10     | Entered Level 10 of the Dungeon
  7478 | D:10     | Noticed Snorg
  7496 | D:10     | Killed Snorg
  8303 | D:9      | Reached XP level 11. HP: 86/99 MP: 10/10
  9160 | D:10     | Noticed Nergalle
  9166 | D:10     | Killed Nergalle
  9194 | D:10     | Found a staircase to the Lair.
  9275 | D:10     | Received a gift from Trog
  9276 | D:10     | Got a smoking battleaxe {god gift}
  9277 | D:10     | Identified the +7 battleaxe of the Hills {flame, rN+} (Trog gifted it to you on level 10 of the Dungeon)
  9558 | Lair:1   | Entered Level 1 of the Lair of Beasts
  9598 | Lair:1   | Reached skill level 10 in Fighting
 10304 | Lair:1   | Noticed a five-headed hydra
 10313 | Lair:1   | Killed a five-headed hydra
 10865 | Lair:2   | Found a staircase to the Swamp.
 11002 | Lair:2   | Noticed a four-headed hydra
 11020 | Lair:2   | Killed a four-headed hydra
 11020 | Lair:2   | Reached skill level 10 in Bows
 11438 | Lair:2   | Reached XP level 12. HP: 81/110 MP: 11/11
 12527 | Lair:3   | Reached skill level 10 in Armour
 12786 | Lair:3   | Found a staircase to the Snake Pit.
 12807 | Lair:3   | Noticed Sonja
 12819 | Lair:3   | Killed Sonja
 13478 | Lair:3   | Reached skill level 15 in Axes
 14238 | Lair:4   | Reached XP level 13. HP: 118/118 MP: 12/12
 14573 | Lair:4   | Found an ancient bone altar of Kikubaaqudgha.
 15967 | Lair:5   | Found a staircase to the Slime Pits.
 15967 | Lair:5   | Found a viscous altar of Jiyva.
 15992 | Lair:5   | Received a gift from Trog
 17101 | Lair:6   | Entered Level 6 of the Lair of Beasts
 18307 | Lair:6   | Noticed a dire elephant
 18316 | Lair:6   | Killed a dire elephant
 18407 | Lair:6   | Noticed a dire elephant
 18407 | Lair:6   | Noticed a dire elephant
 18420 | Lair:6   | Killed a dire elephant
 18429 | Lair:6   | Killed a dire elephant
 18768 | Lair:6   | Noticed a dire elephant
 18779 | Lair:6   | Killed a dire elephant
 18796 | Lair:6   | Noticed a dire elephant
 18812 | Lair:6   | Killed a dire elephant
 19001 | D:11     | Reached XP level 14. HP: 129/129 MP: 13/13
 19124 | D:11     | Reached ****** piety under Trog
 19279 | D:11     | Received a gift from Trog
 19289 | D:11     | Found a staircase to the Orcish Mines.
 19303 | D:11     | Found a roughly hewn altar of Beogh.
 19538 | Orc:1    | Entered Level 1 of the Orcish Mines
 19545 | Orc:1    | Noticed Soeti's ghost (journeyman OpTm)
 19561 | Orc:1    | Killed Soeti's ghost
 19621 | Orc:1    | Received a gift from Trog
 19622 | Orc:1    | Found a roughly hewn altar of Beogh.
 19757 | Orc:1    | Received a gift from Trog
 20202 | Orc:2    | Entered Level 2 of the Orcish Mines
 20219 | Orc:2    | Received a gift from Trog
 20276 | Orc:2    | Received a gift from Trog
 20371 | Orc:1    | Noticed Fannar
 20379 | Orc:1    | Killed Fannar
 20978 | Orc:2    | Found Hetsigiu's Distillery.
 20983 | Orc:2    | Found Keonum's Magic Scroll Shoppe.
 21023 | Orc:2    | Bought a potion of heal wounds for 70 gold pieces
 21023 | Orc:2    | Bought a potion of heal wounds for 70 gold pieces
 21023 | Orc:2    | Bought a potion of heal wounds for 70 gold pieces
 21977 | Orc:2    | Paralysed by an orc sorcerer for 5 turns
 21983 | Orc:2    | Paralysed by an orc sorcerer for 5 turns
 21993 | Orc:2    | Received a gift from Trog
 22098 | Orc:2    | Found Fezusisa's Antique Weapon Shop.
 22098 | Orc:2    | Found Icwafoss's Gadget Boutique.
 22099 | Orc:2    | Found a one-way gate leading to the halls of Pandemonium.
 22190 | Orc:2    | Found a staircase to the Elven Halls.
 22199 | Orc:2    | Received a gift from Trog
 22721 | Orc:2    | Bought a scroll of blinking for 82 gold pieces
 22721 | Orc:2    | Bought a scroll of blinking for 82 gold pieces
 22721 | Orc:2    | Bought a scroll of identify for 22 gold pieces
 22721 | Orc:2    | Bought a scroll of identify for 22 gold pieces
 22721 | Orc:2    | Bought a scroll of teleportation for 33 gold pieces
 22721 | Orc:2    | Bought a scroll of magic mapping for 38 gold pieces
 22721 | Orc:2    | Bought a scroll of fog for 22 gold pieces
 22832 | D:12     | Noticed Nessos
 22837 | D:12     | Killed Nessos
 22837 | D:12     | Reached skill level 15 in Bows
 22873 | D:12     | Found Enoefaume's Assorted Antiques.
 22882 | D:12     | Received a gift from Trog
 22913 | D:12     | Bought a scroll of teleportation for 75 gold pieces
 22913 | D:12     | Bought a scroll of enchant armour for 187 gold pieces
 23556 | D:12     | Reached XP level 15. HP: 121/139 MP: 14/14
 24041 | D:13     | Found a gate to the Vaults.
 24730 | D:14     | Found a flickering gateway to a bazaar.
 24739 | Bazaar   | Entered a bazaar
 24746 | Bazaar   | Found Juehipse's Gadget Shop.
 24748 | Bazaar   | Found Hudol's Antique Armour Shop.
 24797 | Bazaar   | Bought a distressingly furry plate armour for 840 gold pieces
 25240 | D:14     | Received a gift from Trog
 25623 | D:15     | Entered Level 15 of the Dungeon
 26076 | D:15     | Found Qaokkini's Armour Boutique.
 26186 | D:15     | Received a gift from Trog
 26382 | D:15     | Found a staircase to the Depths.
 27007 | Swamp:1  | Entered Level 1 of the Swamp
 27007 | Swamp:1  | Noticed Roxanne
 27015 | Swamp:1  | Received a gift from Trog
 27020 | Swamp:1  | Killed Roxanne
 27021 | Swamp:1  | Identified Roxanne's Volume of Transformation (You took it off Roxanne on level 1 of the Swamp)
 27620 | Swamp:1  | Reached skill level 15 in Fighting
 28153 | Swamp:2  | Reached XP level 16. HP: 149/149 MP: 15/15
 28760 | Swamp:3  | Noticed a thorn hunter
 28773 | Swamp:3  | Killed a thorn hunter
 28971 | Swamp:3  | Noticed Aizul
 28988 | Swamp:3  | Killed Aizul
 29350 | Swamp:3  | Received a gift from Trog
 29421 | Swamp:3  | Found a transporter.
 29427 | Swamp:3  | Found the +8 autumn katana {slice, Clar}
 29712 | Swamp:3  | Found a transporter.
 30332 | Swamp:3  | Got a warped tin ring
 30342 | Swamp:3  | Got a brightly glowing bone amulet
 30348 | Swamp:3  | Identified the amulet of the Prince of Darkness {Inacc MR+ Int+3} (You found it on level 3 of the Swamp)
 30354 | Swamp:3  | Identified the ring of Reimbursement {rF++ rC- Stlth-} (You found it on level 3 of the Swamp)
 30389 | Swamp:4  | Entered Level 4 of the Swamp
 30807 | Swamp:4  | Mangled by a seven-headed hydra simulacrum

Vault maps used:
D:1:      dpeg_arrival_chambers_temple_mockup, minmay_tetromino_t2
D:2:      first_ration
D:4:      serial_shops, shop
D:5:      cheibrodos_helix_gallery, uniq_eustachio, uniq_sigmund
D:6:      minmay_temple_entry_enclosed_plants
D:7:      grunt_livestock
D:8:      overflow_temple_1_default, uniq_maurice
D:10:     lair_entry_dummy, uniq_snorg, uniq_nergalle
D:11:     minmay_orc_entry_temple_small
D:12:     serial_shops, nicolae_shop_overgrown_old_shop, uniq_nessos
D:13:     david_vaults_5
D:14:     serial_park_gazebo, serial_shops, bzr_entry_dummy, kennysheep_nub
D:15:     hangedman_depths_entry_civil_slaughter,
          hangedman_abyss_or_decor_stagger, serial_shops,
          nicolae_shop_window_shopping
Lair:1:   roderic_batcave
Lair:2:   swamp_mist
Lair:3:   regret_index_combs_of_tragedy, minmay_snake_entry_guardpost_medium,
          st_stairs_6, uniq_sonja
Lair:4:   dpeg_oklob_gauntlet, serial_bayou, serial_bayou_pond_a,
          serial_bayou_pond_c, serial_bayou_crossing, serial_bayou_lake_a,
          lemuel_oklob_altar
Lair:5:   slime_altar_1
Lair:6:   due_jungle_book
Swamp:1:  evilmike_swamp_ruin_house_5, uniq_roxanne
Swamp:2:  infiniplex_staircase_pool
Swamp:3:  gammafunk_its_a_trap, evilmike_swamp_ruin_house_3, uniq_aizul
Swamp:4:  swamp_icy
Orc:1:    basic_altar, uniq_fannar
Orc:2:    pf_orc_diabolical
Bazaar:   bazaar_jpeg_cross

Skill      XL: |  1  2  3  4  5  6  7  8  9 10 11 12 13 14 15 16 |
---------------+-------------------------------------------------+-----
Axes           | 4 5 6 8 10 11 12 13 15 17 18 | 18.8
Fighting       | 4 5 6 7 8 9 11 12 13 14 15 | 15.5
Dodging        | 3 4 5 6 |  6.5
Armour         | 3 5 6 7 8 9 10 11 12 13 | 13.4
Stealth        | 1 2 3 |  3.0
Bows           | 5 8 10 11 13 15 17 18 | 18.0
Evocations     | |  0.1

Action                   |  1- 3 |  4- 6 |  7- 9 | 10-12 | 13-15 | 16-18 || total
-------------------------+-------+-------+-------+-------+-------+-------++-------
Melee: Hand axe          |    83 |     4 |       |       |       |       ||    87
       Headbutt          |    10 |    15 |    41 |    90 |   111 |    19 ||   286
       War axe           |       |    62 |   247 |   142 |       |       ||   451
       Battleaxe         |       |       |       |   251 |   424 |    69 ||   744
 Fire: Shortbow          |       |       |    56 |   463 |   107 |       ||   626
       Longbow           |       |       |       |       |   716 |   187 ||   903
Invok: Berserk           |     1 |     2 |     4 |     6 |     4 |     2 ||    19
Evoke: Wand              |       |       |       |       |     2 |       ||     2
  Use: Scroll            |       |       |     2 |    10 |    19 |     3 ||    34
       Potion            |       |       |       |       |       |     2 ||     2
  Eat: Chunk             |     3 |     4 |    18 |    24 |    45 |     7 ||   101
       Ration            |       |       |       |     1 |     1 |     1 ||     3
Armor: Animal skin       |    16 |       |       |       |       |       ||    16
       Ring mail         |    10 |    26 |   106 |     3 |       |       ||   145
       Chain mail        |       |       |       |   224 |   257 |    52 ||   533
Dodge: Dodged            |    55 |    41 |   146 |   305 |   237 |    37 ||   821
Block: Other             |       |       |    15 |    83 |    77 |    10 ||   185
       Reflection        |       |       |     1 |     2 |     6 |     1 ||    10

Table legend:
 A = Spawn XP
 B = Non-spawn XP
 C = Spawn XP percentage of total XP
 D = Spawn monster count
 E = Non-spawn monster count
 F = Spawn count percentage of total count
 G = Total turns spent on level
                    A         B        C        D         E        F      G
               +---------+---------+-------+---------+---------+-------+---------
         Total |       0 |  186212 |   0.0 |       0 |     891 |   0.0 | 30807
               +---------+---------+-------+---------+---------+-------+---------
           D:1 |       0 |      24 |   0.0 |       0 |      14 |   0.0 |   700
           D:2 |       0 |      62 |   0.0 |       0 |      20 |   0.0 |   902
           D:3 |       0 |      36 |   0.0 |       0 |      17 |   0.0 |   519
           D:4 |       0 |    1042 |   0.0 |       0 |      31 |   0.0 |  1145
           D:5 |       0 |    1290 |   0.0 |       0 |      29 |   0.0 |  1194
           D:6 |       0 |     708 |   0.0 |       0 |      28 |   0.0 |   973
           D:7 |       0 |    2178 |   0.0 |       0 |      21 |   0.0 |  1147
           D:8 |       0 |    2631 |   0.0 |       0 |      34 |   0.0 |   797
           D:9 |       0 |    1940 |   0.0 |       0 |      30 |   0.0 |  1175
          D:10 |       0 |    3049 |   0.0 |       0 |      18 |   0.0 |  1074
          D:11 |       0 |    4173 |   0.0 |       0 |      37 |   0.0 |   684
          D:12 |       0 |    8452 |   0.0 |       0 |      43 |   0.0 |  1066
          D:13 |       0 |    8420 |   0.0 |       0 |      30 |   0.0 |   839
          D:14 |       0 |    8159 |   0.0 |       0 |      21 |   0.0 |   899
          D:15 |       0 |   13826 |   0.0 |       0 |      33 |   0.0 |  1230
        Lair:1 |       0 |    5763 |   0.0 |       0 |      31 |   0.0 |  1332
        Lair:2 |       0 |    4211 |   0.0 |       0 |      34 |   0.0 |  1266
        Lair:3 |       0 |   14350 |   0.0 |       0 |      78 |   0.0 |  2329
        Lair:4 |       0 |    5180 |   0.0 |       0 |      21 |   0.0 |  1602
        Lair:5 |       0 |    5298 |   0.0 |       0 |      21 |   0.0 |  1149
        Lair:6 |       0 |   16446 |   0.0 |       0 |      33 |   0.0 |  1743
       Swamp:1 |       0 |   12146 |   0.0 |       0 |      23 |   0.0 |   862
       Swamp:2 |       0 |   11271 |   0.0 |       0 |      27 |   0.0 |   879
       Swamp:3 |       0 |   21326 |   0.0 |       0 |      46 |   0.0 |  1641
       Swamp:4 |       0 |    7169 |   0.0 |       0 |      21 |   0.0 |   418
         Orc:1 |       0 |    4703 |   0.0 |       0 |      46 |   0.0 |   899
         Orc:2 |       0 |   22359 |   0.0 |       0 |     104 |   0.0 |  2271
               +---------+---------+-------+---------+---------+-------+---------
